[Event "Grand Prix Romania 1st Stage 2024"]
[Site "Bucuresti"]
[Date "2024.03.23"]
[Round "3.29"]
[White "Costachi, Mihnea"]
[Black "Dragomirescu, Angela"]
[Result "1/2-1/2"]
[ECO "C41"]
[WhiteElo "2470"]
[BlackElo "2111"]
[Annotator "TA"]
[PlyCount "160"]
[EventDate "2024.03.20"]
[EventType "swiss"]
[EventCountry "ROU"]
[SourceTitle "playchess.com"]
[Source "ChessBase"]
[SourceQuality "1"]
[TimeControl "900+5"]

1. Nc3 d6 2. d4 e5 3. Nf3 Nd7 4. e4 Ngf6 5. g4 Nxg4 6. Rg1 Ngf6 7. Be3 c6 8. Qd2 b5 9. a3 Bb7 10. Bh3 Qc7 11. Rd1 (11. O-O-O $15) 11... g6 12. Bg5 (12. dxe5 $15 Nxe5 13. Nxe5 dxe5 14. Rg3) 12... Be7 (12... h6 $17 13. Bxd7+ Nxd7) 13. Bxd7+ $11 Nxd7 14. Bxe7 Kxe7 15. h4 a6 16. h5 exd4 17. Nxd4 Rae8 18. Qg5+ f6 19. Qg3 (19. Qh6 $11 Reg8 20. e5 (20. hxg6 hxg6 21. Qe3 Ne5 $15) 20... Nxe5 (20... dxe5 $2 21. Nf5+ Kd8 22. Ne4 $18) 21. Nf5+ Kd8 22. Nxd6) 19... Kd8 (19... c5 $15 20. Nde2 g5 (20... gxh5 21. Qf4 $16)) 20. Nde2 (20. hxg6 $11 hxg6 21. Qxg6) 20... Ne5 $15 (20... gxh5 21. Qh4 $11 (21. Rxd6 Kc8 $11) (21. Qxd6 Qxd6 22. Rxd6 h4 $15)) 21. f4 Nc4 22. b3 Nxa3 23. hxg6 hxg6 24. Qxg6 Rhf8 (24... Qe7 $1 $17 {[%cal Ob5b4] And now ...b4! would win.} 25. Nd4 d5) 25. Kd2 (25. e5 $1 $15 d5 26. Ne4 fxe5 (26... Nxc2+ $2 27. Kd2 $19) 27. Nd6 Nxc2+ 28. Kd2 exf4 29. Qg5+ (29. Nxe8 Rxe8 30. Nxf4 Qxf4+ $17) 29... Qe7 30. Nxe8 Rxe8 31. Nxf4 Qxg5 32. Rxg5) 25... b4 $17 26. Na4 Nb5 27. Kc1 {[%emt 0:00:06] [#]} c5 ({Black should try} 27... Kc8 $1 {Strongly threatening ...c5.} 28. Qh6 Rf7) 28. Ng3 {[%emt 0:00:13] [#]} (28. e5 $17 {was necessary.} fxe5 29. fxe5 Rxe5 30. c4 bxc3 (30... Rxe2 31. cxb5 Qe7 32. Qxd6+ Qxd6 33. Rxd6+ Kc7 34. Rdg6 $11) 31. Nexc3) 28... Nd4 (28... c4 $1 $19 29. Kb2 c3+ 30. Ka2 Kc8) 29. Rxd4 cxd4 30. Rd1 Rg8 $2 (30... Bc6 $19 {...Bxa4 would now be deadly.} 31. Nb2 Kc8 32. Qf5+ Kb8 33. Rxd4 Qb6 34. Rxd6 Rd8) 31. Qxf6+ $11 Qe7 (31... Kc8 $5 32. Nf5 $8 Kb8 (32... Bxe4 33. Nxd6+ Kb8 34. Rd2 $11) 33. Qxd6 Rxe4 $11) 32. Qxe7+ Rxe7 33. Nf5 Rxe4 34. Nxd6 {[%emt 0:00:02] A dynamic duo of knights.} Re7 35. Rxd4 Kc7 36. Nxb7 Kxb7 37. Rxb4+ {[%emt 0:00:02][%mdl 4096] Endgame. KRR-KRN} Kc7 38. Nc5 Rg1+ 39. Kb2 a5 40. Rb5 Rg2 41. Nd3 Re3 42. Kc3 Ree2 43. Rc5+ Kb6 44. Kd4 Rxc2 45. Rh5 Rcd2 46. Rh6+ Kb5 {[%emt 0:00:01] Threatens to win with ...Rg3.} 47. Kc3 Rc2+ 48. Kd4 Rcd2 {[%emt 0:00:04] Hoping for ...Rg3.} 49. Rh5+ Kb6 50. Rd5 Rg3 51. Kc3 Rgg2 52. Kc4 Rc2+ 53. Kd4 Rcd2 54. Rd6+ Kb5 55. f5 {[%emt 0:00:05] The position is equal.} Rg3 56. Ke4 Rgg2 57. f6 {[%emt 0:00:03] f7 is the strong threat.} Rd1 58. Rd5+ Kb6 59. f7 (59. Nf4 $5 Re1+ $8 60. Kf5 $11) 59... Rf1 60. Ne5 {[%emt 0:00:10] aiming for Nf3.} Re2+ 61. Kd3 Ref2 62. Rd6+ Kc5 63. Ra6 Kb5 64. Ra7 Rf5 65. Ke4 R1f4+ 66. Kd5 Rf6 67. Rb7+ Ka6 68. Re7 Rf1 69. Kc5 R1f5 70. Kd4 Rf4+ 71. Ke3 Rf1 72. Kd4 R1f4+ 73. Kd5 R4f5 74. Re6+ Rxe6 75. Kxe6 {[%emt 0:00:01] KR-KN} Rf1 (75... Rxf7 {simplifies} 76. Nxf7 Kb5 77. Nd6+ Kb4) 76. Ng4 {[%emt 0:00:11] White wants to mate with Nf6.} (76. Ng6 {keeps more tension.} a4 77. bxa4 Ka5 78. Ne7) 76... Rxf7 77. Kxf7 Kb5 78. Ne5 Kb4 79. Nc6+ Kxb3 80. Nxa5+ Kb4 {[%emt 0:00:00] Weighted Error Value: White=0.17 (very precise) /Black=0.23 (precise) .  Missed win:     	---       	Black=1      Mistake:       	White=6     	Black=5      Inaccurate:     	White=4     	Black=3      OK:         	White=23    	Black=29     Best:        	White=4     	Black=1} 1/2-1/2

[Event "Grand Prix Romania 1st Stage 2024"]
[Site "Bucuresti"]
[Date "2024.03.23"]
[Round "3.30"]
[White "Stoyanov, Tsvetan"]
[Black "Zubova, Mariya"]
[Result "1-0"]
[ECO "A40"]
[WhiteElo "2465"]
[BlackElo "2146"]
[Annotator "TA"]
[PlyCount "85"]
[EventDate "2024.03.20"]
[EventType "swiss"]
[EventCountry "ROU"]
[SourceTitle "playchess.com"]
[Source "ChessBase"]
[SourceQuality "1"]
[TimeControl "900+5"]

1. c4 g6 2. Nf3 Bg7 3. d4 c5 4. dxc5 Qa5+ 5. Bd2 Qxc5 6. Bc3 Nf6 7. Nbd2 (7. e3 $11) 7... O-O (7... Ng4 $15 8. e3 Bxc3 9. bxc3 Nf6) 8. g3 {[%emt 0:00:46] The position is equal.} Nc6 9. Rc1 e5 $40 {[%emt 0:01:21][%mdl 128] Black mounts an attack.} 10. Nb3 (10. Bg2 $11) 10... Qe7 $15 {[%emt 0:00:51] Threatens to win with ...Rd8.} 11. Bg2 Rd8 {[%emt 0:02:33] ...d5 would now be deadly.} 12. O-O (12. Ng5 $15) 12... d5 $17 13. cxd5 Nxd5 14. Nfd2 (14. Qc2 $142) 14... Nxc3 15. bxc3 Be6 (15... Bf5 $142 16. e3 Bd3) 16. Qc2 Rac8 17. Qb2 f5 18. e4 f4 19. c4 (19. Nf3 $17 {was necessary.}) 19... Bh6 $19 {[%emt 0:00:48] A strong pair of Bishops.} 20. Rc3 a5 {[%emt 0:00:56] White must now prevent ...a4.} 21. Nf3 Bf7 (21... g5 $19 {has better winning chances. ...g4 is the strong threat.} 22. h3 fxg3 23. fxg3 a4) 22. c5 $17 fxg3 23. hxg3 a4 24. Nc1 Nd4 25. Nd3 Nxf3+ 26. Bxf3 Rc6 27. Rb1 Rc7 28. Qb5 (28. Qc2 $11) 28... Bxa2 $15 29. Ra1 Bb3 30. Bd1 Bd2 $2 {[%emt 0:00:04] [#]} (30... Bxd1 $15 31. Rxd1 Qe8 32. Qxe8+ Rxe8) 31. Bxb3+ $16 axb3 32. Qxb3+ Kh8 33. Rc2 Bg5 34. Qc3 ({White should play} 34. Nb4 $14) 34... Rd4 {[%emt 0:00:06] [#]} (34... Rcd7 $11 {keeps the balance.} 35. Nb2 (35. Nxe5 Bf6 $17) 35... Rd4) 35. Ra8+ $1 Kg7 36. Qb3 {[%emt 0:00:05] Prevents Qe6} Rd8 {[%emt 0:00:07] Prevents Qg8+.} ({Black should try} 36... Qf7 37. Qxf7+ Kxf7 38. Nxe5+ Kg7) 37. Rxd8 Qxd8 38. Nxe5 Qd1+ 39. Kg2 {[%emt 0:00:01] White is more active.} Qd4 (39... Re7 $16) 40. Qd5 $18 Qa4 (40... Qxd5 41. exd5 Be7) 41. Rc4 Qe8 42. Ng4 (42. Rb4 $142 Qe7 43. Rb5) 42... Rf7 (42... h5 43. Qxg5 hxg4) 43. Qxg5 {[%emt 0:00:03] Never resign too early!   Weighted Error Value: White=0.36/Black=0.38.  Mistake:       	White=7     	Black=9      Inaccurate:     	White=4     	Black=2      OK:         	White=9     	Black=10     Best:        	White=8     	Black=5      Strong:       	White=1     	---} 1-0

[Event "Grand Prix Romania 1st Stage 2024"]
[Site "Bucuresti"]
[Date "2024.03.23"]
[Round "3.31"]
[White "Stoleriu, George"]
[Black "Zubcu, Vlad-George"]
[Result "0-1"]
[ECO "B21"]
[WhiteElo "2391"]
[BlackElo "2181"]
[Annotator "RC"]
[PlyCount "74"]
[EventDate "2024.03.20"]
[EventType "swiss"]
[EventCountry "ROU"]
[SourceTitle "playchess.com"]
[Source "ChessBase"]
[SourceQuality "1"]
[TimeControl "900+5"]

1. e4 c5 2. f4 a6 3. Nf3 Nc6 4. d3 g6 5. g3 Bg7 6. Bg2 d6 7. c3 Nf6 8. O-O O-O 9. Kh1 Rb8 10. Qc2 b5 11. Be3 Bb7 12. Nbd2 b4 13. Nc4 Na5 14. Nxa5 Qxa5 15. c4 Qc7 16. h3 Nd7 17. g4 Rbe8 18. Rae1 e6 19. Bc1 Nb8 20. Qf2 Nc6 21. Qh4 Qd8 22. Qg3 Nd4 23. Nxd4 Bxd4 24. f5 exf5 25. gxf5 Kh8 26. Qf3 Qf6 27. b3 Bc8 28. Bh6 Rg8 29. fxg6 Qxg6 30. Bf4 Rg7 31. Re2 Reg8 32. Be3 Be5 33. Bg1 Qh6 34. Bh2 Bxh2 35. Kxh2 Qh4 36. Qf4 Rxg2+ 37. Rxg2 Qxh3+ 0-1

[Event "Grand Prix Romania 1st Stage 2024"]
[Site "Bucuresti"]
[Date "2024.03.23"]
[Round "3.32"]
[White "Gulie, Cosmin"]
[Black "Vedmediuc, Serghei"]
[Result "1-0"]
[ECO "B22"]
[WhiteElo "1987"]
[BlackElo "2452"]
[Annotator "TA"]
[PlyCount "87"]
[EventDate "2024.03.20"]
[EventType "swiss"]
[EventCountry "ROU"]
[SourceTitle "playchess.com"]
[Source "ChessBase"]
[SourceQuality "1"]
[TimeControl "900+5"]

1. e4 c5 2. c3 e6 3. d4 d5 4. exd5 exd5 5. Nf3 Nc6 6. Bb5 Bd6 7. Be3 cxd4 8. Nxd4 Bd7 9. Nd2 Nf6 {[%emt 0:00:10] The position is equal.} 10. h3 O-O 11. Bd3 Nxd4 12. cxd4 Qb6 13. Qb3 Qxb3 14. Nxb3 Bb4+ 15. Nd2 Rfe8 16. a3 Ba5 17. b4 Bb6 18. O-O Rac8 19. Rac1 {[%emt 0:00:04] Prevents Rc3} Ba4 {[%emt 0:00:22] Against Nb3} 20. Nf3 Ne4 21. Rxc8 Rxc8 22. Rc1 Re8 (22... Rxc1+ $15 23. Bxc1 Nd6) 23. Bxe4 $11 dxe4 24. Nd2 Bc6 25. Nc4 Bd8 {[%emt 0:00:01] [#]} 26. b5 $1 Bd5 (26... Bxb5 $2 {too greedy.} 27. Nd6 Be7 28. Nxb5 $18) 27. Nd6 Re6 28. Nf5 {[%emt 0:00:22] Strongly threatening Rc8.} Re8 $1 29. Nd6 {[%emt 0:00:02] White is more active.} ({Better is} 29. Rc5 $14 Be6 30. Nd6) 29... Re7 30. Rc5 Be6 31. Nxe4 (31. d5 $5 b6 $8 32. Nc8 bxc5 33. Nxe7+ Bxe7 34. dxe6 $16) 31... f6 32. d5 $36 {[%emt 0:00:38][%mdl 2048] Black is under pressure.} Bd7 (32... b6 $14 33. Rc6 Bd7) 33. Nd6 $16 b6 {[%emt 0:00:11] This move loses the game for Black.} (33... Re5 $16) 34. Rc3 Kf8 35. a4 Re5 (35... Be8 $16 {was necessary.} 36. Bd2 Bf7) 36. Nb7 $18 Ke8 37. Bf4 $1 Rxd5 {[%emt 0:00:08] [#]} 38. Re3+ $1 Be7 {[%emt 0:00:17] [#]} 39. Bd6 $1 Rxd6 40. Nxd6+ Kd8 41. Nc4 Bf5 42. a5 bxa5 (42... Bc5 $16) 43. Nxa5 {[%emt 0:00:01] And now Nc6+ would win.} Bc5 $2 (43... Kd7 44. Re1 Bg6) 44. Nb7+ {[%emt 0:00:04] Weighted Error Value: White=0.14 (very precise) /Black=0.22 (precise) .  Mistake:       	White=1     	Black=6      Inaccurate:     	White=4     	Black=2      OK:         	White=16    	Black=14     Best:        	White=3     	---        Strong:       	White=2     	Black=1} 1-0

[Event "Grand Prix Romania 1st Stage 2024"]
[Site "Bucuresti"]
[Date "2024.03.23"]
[Round "3.33"]
[White "Nevednichy, Vladislav"]
[Black "Saioc, David"]
[Result "1-0"]
[ECO "B52"]
[WhiteElo "2445"]
[BlackElo "2023"]
[Annotator "TA"]
[PlyCount "127"]
[EventDate "2024.03.20"]
[EventType "swiss"]
[EventCountry "ROU"]
[SourceTitle "playchess.com"]
[Source "ChessBase"]
[SourceQuality "1"]
[TimeControl "900+5"]

1. e4 c5 2. Nf3 d6 3. Bb5+ Bd7 4. c4 Nf6 5. Nc3 g6 6. d4 cxd4 7. Nxd4 Bg7 8. O-O O-O 9. f3 a6 10. Bxd7 Qxd7 11. Be3 Qc7 12. Rc1 e6 13. Qd2 Rd8 14. Rfd1 Nbd7 15. b3 Rac8 16. Nde2 Ne5 17. Na4 Qb8 18. Bb6 Rd7 19. Qe3 Nc6 20. Qf2 (20. Rc2 $16) 20... Ne7 $2 (20... d5 $11 {and Black has nothing to worry.}) 21. Ba7 $1 $18 Qa8 22. Be3 Rc6 23. Nd4 Rcc7 24. Nb6 Qd8 25. Ne2 Nc8 26. Nxd7 Rxd7 27. Rd2 d5 (27... Ne8 $142 28. Kh1 Be5) 28. cxd5 $18 exd5 29. e5 Ne8 30. f4 Ne7 31. Nd4 Nc7 32. Rdc2 Ne6 33. f5 Nxd4 34. Bxd4 Nc6 35. f6 Bh6 36. Rxc6 bxc6 37. Rxc6 Rc7 38. Rxc7 (38. Rxa6 $2 Rc1+ $19) 38... Qxc7 39. g3 Qc1+ 40. Kg2 Qb1 (40... Qc8 $16 {was called for.} 41. Bc5 Bc1) 41. Qe2 $18 Qf5 42. b4 (42. Qxa6 $2 Qe4+ 43. Kh3 Qxd4 $19) 42... Bf8 43. a3 (43. Qxa6 $2 Qe4+ (43... Bxb4 44. Qa8+ Bf8 45. Qxd5 $16) 44. Kh3 Qxd4 $19) 43... h5 44. h4 (44. Qxa6 $2 Qe4+ 45. Kf1 Qxd4 $19) 44... Kh7 45. Kh2 (45. Qxa6 $2 Qe4+ 46. Kh2 Qxd4 $19) 45... Qb1 $2 (45... Kg8 $16 46. Kg1 (46. Qxa6 $2 Qc2+ 47. Kh3 Qd1 $19) 46... Qb1+ 47. Kh2 Qf5) 46. e6 $18 (46. Qxa6 $2 Qc2+ 47. Kh1 (47. Kh3 $2 Qd1 $19) 47... Qe4+ 48. Kh2 Qxd4 $19) 46... fxe6 47. Qxe6 (47. Qxa6 Qc2+ 48. Kh3 Qf5+ 49. Kh2 Qc2+ 50. Kh3 Qf5+ 51. Kh2 Qc2+ $11) 47... Qc2+ 48. Kh3 Qf5+ (48... Kh8 $18 49. Qxd5 Qd1) 49. Qxf5 gxf5 50. Bc5 Bh6 51. f7 d4 52. Bxd4 (52. f8=N+ Bxf8 53. Kg2 (53. Bxf8 $2 {too greedy.} d3 $19) 53... d3 $18) 52... Kg6 {[%emt 0:00:01] [#]} 53. Be3 (53. a4 $142 $1 Kxf7 (53... f4 54. b5) 54. b5 axb5 55. a5 (55. axb5 Ke6 $18)) 53... Bg7 $18 54. a4 Kxf7 55. b5 axb5 56. axb5 Be5 57. b6 Ke6 58. Kg2 (58. b7 $142 Kd7 59. Ba7 Kc6 60. b8=Q (60. b8=B Bg7 $18) (60. b8=R f4 $18) 60... Bxb8 61. Bxb8 Kb7 62. Bf4 Kc6 63. Kg2) 58... Kd5 {[%emt 0:00:11] [#]} 59. Kf3 $1 Kc6 60. Bf4 Bf6 61. Bc7 Bd4 62. Kf4 Bf2 63. Kxf5 Kb7 64. Ke4 1-0

[Event "Grand Prix Romania 1st Stage 2024"]
[Site "Bucuresti"]
[Date "2024.03.23"]
[Round "3.34"]
[White "Luncasu, Raul-Ionut"]
[Black "Stepanencu, Nicodim-Cosmin"]
[Result "0-1"]
[ECO "B86"]
[WhiteElo "2155"]
[BlackElo "2278"]
[Annotator "RC"]
[PlyCount "56"]
[EventDate "2024.03.20"]
[EventType "swiss"]
[EventCountry "ROU"]
[SourceTitle "playchess.com"]
[Source "ChessBase"]
[SourceQuality "1"]
[TimeControl "900+5"]

1. e4 c5 2. Nf3 d6 3. d4 cxd4 4. Nxd4 Nf6 5. Nc3 a6 6. Bc4 e6 7. Be3 Be7 8. Qf3 Nc6 9. Qg3 O-O 10. O-O-O Qc7 11. Nxc6 Qxc6 12. Bh6 Nh5 13. Qf3 Qxc4 14. Qxh5 gxh6 15. Rd3 Kh8 16. f4 Bd7 17. Re1 Be8 18. Qxh6 Rg8 19. Rh3 Rg7 20. Kb1 Qd4 21. e5 dxe5 22. fxe5 Bg5 23. Qh5 f5 24. Qe2 Qd2 25. Qf1 Bc6 26. Re2 Qf4 27. Rf3 Bxf3 28. gxf3 Rd8 0-1

[Event "Grand Prix Romania 1st Stage 2024"]
[Site "Bucuresti"]
[Date "2024.03.23"]
[Round "3.35"]
[White "Shuvalova, Polina"]
[Black "Prelipcean, Eric-Matei"]
[Result "1-0"]
[ECO "B90"]
[WhiteElo "2455"]
[BlackElo "2103"]
[Annotator "TA"]
[PlyCount "81"]
[EventDate "2024.03.20"]
[EventType "swiss"]
[EventCountry "ROU"]
[SourceTitle "playchess.com"]
[Source "ChessBase"]
[SourceQuality "1"]
[TimeControl "900+5"]

1. e4 c5 2. Nf3 d6 3. d4 cxd4 4. Nxd4 Nf6 5. Nc3 a6 6. Bd3 e5 7. Nde2 Be7 8. O-O O-O 9. Ng3 b5 10. Qe2 Re8 11. Bg5 {[%emt 0:00:25] The position is equal.} h6 12. Bxf6 Bxf6 13. a4 b4 14. Nd5 Nc6 15. a5 Bb7 (15... g6 $14) 16. Ra4 Nd4 17. Nxf6+ Qxf6 18. Qd2 Nc6 19. Bc4 Rac8 20. Qd3 Red8 21. Nf5 Ra8 22. Rd1 Rd7 23. Ne3 {[%emt 0:00:21] White is much more active.} (23. Nxd6 Rad8 24. Nxf7 (24. Bxa6 $2 Bxa6 25. Qxa6 Rxd6 $19) (24. Ne8 $2 Qe7 $19) 24... Rxd3 (24... Rxf7 25. Bxf7+ Qxf7 26. Qf3 $17) 25. Nxd8+ Kh7 26. Rxd3 Nxd8 27. Rxb4 Bxe4 $15) 23... Qd8 24. Rda1 Nd4 (24... Ne7 $16) 25. Rxb4 $18 Qh4 (25... Nc6 {keeps fighting.}) 26. Rxb7 Rxb7 27. Bd5 (27. Bxa6 Rba7 (27... Rxb2 28. Bc4 $11) 28. Bc4 (28. g3 $2 Qh3 $19) 28... Rxa5 $11) 27... Rab8 (27... Qe7 $142 28. c3 (28. Bxb7 Qxb7 29. Rb1 Qc6 $18) 28... Ne6) 28. Bxb7 ({Stronger than} 28. Qxa6 Rxb2 29. Qf1 Qe7 $11 (29... Nxc2 $2 30. Nxc2 Rxc2 31. a6 $18)) 28... Rxb7 29. b3 (29. Qxa6 $142 Rxb2 30. Qc8+ (30. Qxd6 Qxe4 31. Qa3 Rb8 $16) (30. Qd3 Qe7 $18) 30... Kh7 31. a6) 29... Rb5 (29... Nb5 $142 30. h3 Qd8) 30. h3 Qd8 31. Qd2 (31. b4 $1 $18) 31... Qc7 (31... Qh4 $16) 32. b4 (32. f3 $18 {has better winning chances.}) 32... Qc6 {[%emt 0:00:08] A mistake that costs the game.} (32... Qc3 $16 {was worth a try.} 33. Qxc3 Ne2+ 34. Kf1 Nxc3) 33. f3 Rb8 34. Rd1 Rc8 35. Nd5 Kf8 {[%emt 0:00:05] Prevents Ne7} 36. c3 Nb5 37. Kh2 Rd8 38. Qe3 Qc4 (38... Rb8 $142 39. f4 Rc8 40. fxe5 dxe5) 39. Qb6 Ke8 (39... Ra8 40. Qb7 Qc8 41. Qe7+ Kg8) 40. Qxa6 Qe2 {[%emt 0:00:01] [#]} 41. Qxb5+ $3 {[%emt 0:00:04][%mdl 512] Weighted Error Value: White=0.42/Black=0.39.  Mistake:       	White=3     	Black=9      Inaccurate:     	White=1     	Black=3      OK:         	White=15    	Black=6      Best:        	White=3     	---} 1-0

[Event "Grand Prix Romania 1st Stage 2024"]
[Site "Bucuresti"]
[Date "2024.03.23"]
[Round "3.36"]
[White "Filip, Andrei"]
[Black "Efroimski, Marsel"]
[Result "1-0"]
[ECO "C02"]
[WhiteElo "2289"]
[BlackElo "2467"]
[Annotator "TA"]
[PlyCount "89"]
[EventDate "2024.03.20"]
[EventType "swiss"]
[EventCountry "ROU"]
[SourceTitle "playchess.com"]
[Source "ChessBase"]
[SourceQuality "1"]
[TimeControl "900+5"]

1. e4 e6 2. d4 d5 3. e5 c5 4. c3 Nc6 5. Nf3 Nge7 6. Na3 Nf5 7. Nc2 Bd7 8. Be2 Be7 9. O-O {[%emt 0:00:38] The position is equal.} cxd4 10. cxd4 O-O 11. Bd3 f6 12. Bxf5 exf5 13. Bf4 Be8 14. exf6 Bxf6 15. Ne5 g5 16. Nxc6 bxc6 17. Bd2 f4 18. Bb4 Rf7 19. f3 (19. Ne1 $11) 19... Bd7 20. Bc5 Bf5 21. Nb4 Qc7 22. Re1 Rg7 23. Qa4 (23. Nd3 $11 {remains equal.}) 23... Bd7 {[%emt 0:00:34] This pair of bishops is nice.} (23... Rc8 $17 {Threatens to win with ...a5.} 24. Qa6 Qd7) 24. Kh1 h5 (24... g4 $11) 25. Nd3 g4 {[%emt 0:00:05] [#]} 26. Ne5 ({White should play} 26. Qa3 $1 $16) 26... Kh8 (26... Re8 $11 {feels stronger.}) 27. Qa3 $14 Qd8 {[%emt 0:01:07] Prevents Bf8.} 28. Bd6 {[%emt 0:00:46] White has more active pieces.} ({And not} 28. Bxa7 Bxe5 29. dxe5 (29. Rxe5 $2 Qh4 $19) 29... gxf3 $17) 28... Kg8 (28... Bf5 $1 $14) 29. Nxd7 (29. fxg4 $16 hxg4 30. Rf1) 29... Qxd7 $11 30. Be5 Rf8 31. Bxf6 Rxf6 32. Re5 h4 33. Rae1 h3 (33... gxf3 $1 $11 {keeps the balance.} 34. Qxf3 Qg4) 34. Re8+ (34. gxh3 {simplifies} gxf3 35. Qxf3 Qf7 36. Re8+) 34... Kh7 35. R1e5 (35. gxh3 $14 gxf3 36. Qxf3) 35... hxg2+ 36. Kg1 $1 {[%emt 0:00:01] Strongly threatening Qd3+. Chess con chili.} Qf7 $2 (36... gxf3 $11 37. Qxf3 Qg4 38. Qxg4 Rxg4 39. R5e7+ Rg7 (39... Kh6 $2 40. Rh8+ Kg5 41. Re5+ Rf5 42. h4+ Rxh4 43. Rg8+ Kf6 44. Rf8+ Kg7 45. Rexf5 $18) 40. Rxg7+ Kxg7 41. Kxg2 a5) 37. Qd3+ $18 Kh6 38. Rh8+ ({Weaker is} 38. Kxg2 Rg8 39. R8e7 Qg6 40. Qxg6+ Rgxg6 $14) 38... Rh7 39. Rxh7+ Qxh7 {[%emt 0:00:01] [#] Loses the game.} 40. Rh5+ $3 Kxh5 41. Qxh7+ {[%emt 0:00:01] KQ-KR} Kg5 42. Qg7+ {[%emt 0:00:13] White is clearly winning.} Rg6 43. Qe5+ Kh6 44. Qxf4+ Kg7 45. fxg4 {[%emt 0:00:04] Weighted Error Value: White=0.22 (precise) /Black=0.52.  Loses game:     	---       	Black=1      Mistake:       	White=5     	Black=5      Inaccurate:     	White=3     	Black=7      OK:         	White=11    	Black=6      Best:        	White=1     	Black=2      Strong:       	White=1     	---} 1-0

[Event "Grand Prix Romania 1st Stage 2024"]
[Site "Bucuresti"]
[Date "2024.03.23"]
[Round "3.37"]
[White "Manolache, Marius"]
[Black "Vasilescu, Lucian-Mihail"]
[Result "1-0"]
[ECO "D02"]
[WhiteElo "2387"]
[BlackElo "2116"]
[Annotator "RC"]
[PlyCount "63"]
[EventDate "2024.03.20"]
[EventType "swiss"]
[EventCountry "ROU"]
[SourceTitle "playchess.com"]
[Source "ChessBase"]
[SourceQuality "1"]
[TimeControl "900+5"]

1. d4 d5 2. Nf3 Nf6 3. Bf4 c5 4. e3 e6 5. c3 Bd6 6. Bg3 O-O 7. Bd3 Nc6 8. Nbd2 b6 9. a3 Qc7 10. e4 dxe4 11. Nxe4 Nxe4 12. Bxe4 f5 13. Bxd6 Qxd6 14. Bxc6 Qxc6 15. O-O Bb7 16. Re1 Rf6 17. dxc5 Rg6 18. Re3 Qxc5 19. Qe2 Qc6 20. Re1 Re8 21. Qd3 h6 22. Kf1 Kh7 23. c4 Re7 24. Rd1 Ba6 25. b3 b5 26. Qd6 Rc7 27. Qxc6 Rxc6 28. Ne5 Rb6 29. Nxg6 Kxg6 30. c5 b4+ 31. Ke1 Rb5 32. Rxe6+ 1-0

[Event "Grand Prix Romania 1st Stage 2024"]
[Site "Bucuresti"]
[Date "2024.03.23"]
[Round "3.38"]
[White "Economescu, Valentin"]
[Black "Baltag, Iulian"]
[Result "0-1"]
[ECO "D94"]
[WhiteElo "2147"]
[BlackElo "2412"]
[Annotator "TA"]
[PlyCount "62"]
[EventDate "2024.03.20"]
[EventType "swiss"]
[EventCountry "ROU"]
[SourceTitle "playchess.com"]
[Source "ChessBase"]
[SourceQuality "1"]
[TimeControl "900+5"]

1. Nf3 d5 2. e3 g6 3. c4 c6 4. Nc3 Bg7 5. d4 Nf6 6. Bd3 O-O 7. O-O Bg4 8. h3 Bxf3 9. Qxf3 dxc4 10. Bxc4 Nbd7 11. Rd1 e5 12. a3 Qe7 13. b4 e4 14. Qe2 {[%emt 0:00:09] White has an edge.} b5 15. Bb3 a5 (15... Nb6 $11 {keeps the balance.}) 16. bxa5 $16 Rxa5 17. Bb2 Nb6 18. d5 cxd5 (18... Nfxd5 $11 19. Bxd5 (19. Nxd5 cxd5 20. Bxd5 b4 $17) 19... Nxd5 20. Nxd5 cxd5) 19. Nxd5 (19. Bxd5 $6 b4 20. axb4 Rxd5 21. Nxd5 Nbxd5 $11) (19. Nxb5 $16 {Strongly threatening Bc3.} Na4 20. Bd4 (20. Bxd5 $2 Nxb2 21. Qxb2 Nxd5 $19)) 19... Nfxd5 20. Bxd5 {[%emt 0:00:01] A strong pair of Bishops.} b4 (20... Bxb2 {feels hotter.} 21. Qxb2 b4 22. Bb3 bxa3 23. Bxf7+ Qxf7 24. Qxb6 Raa8) 21. Bb3 (21. Bxg7 $11 Kxg7 22. Qb2+ Kh6 23. Bc6) 21... bxa3 $17 22. Bd4 Bxd4 23. Rxd4 Nd7 24. Qd2 Ra7 25. Qc2 {[%emt 0:00:31] Against Rc8} ({Better is} 25. Ra4 $1 $15 Rxa4 26. Bxa4) 25... Nc5 (25... Nf6 $17 26. Qc3 Rfa8) 26. Bd5 $15 Rb8 27. Rc4 (27. Qc3 $1 $15) 27... Qe5 $36 {[%emt 0:00:25][%csl LRa1,LRd5][%mdl 2048] Black has strong initiative.} 28. Rd1 {[%emt 0:00:14] [#] This move loses the game for White.} (28. Rd4 $17 Ne6 29. Qxe4 Qxe4 30. Rxe4) 28... a2 $1 $19 {[%emt 0:00:50] Black is clearly winning.} 29. Rxc5 (29. Bxf7+ Kxf7) 29... a1=Q (29... a1=B $2 {too greedy.} 30. Bxf7+ (30. Qxe4 Qxe4 31. Bxe4 Bf6 $18) (30. Bxe4 Qe7 $16) 30... Rxf7 31. Rxe5 Bxe5 32. Qxe4 $18) 30. Bxf7+ Rxf7 31. Rxe5 Qb2 $2 {[%emt 0:02:56][%mdl 32768] Weighted Error Value: White=0.55/Black=0.19 (very precise) .  Loses game:     	White=1     	---        Mistake:       	White=4     	Black=3      Inaccurate:     	White=1     	Black=2      OK:         	White=4     	Black=4      Best:        	White=2     	Black=2     . Loss on time!?} (31... Qxe5 $19 32. Rd4 Rbf8) 0-1

[Event "Grand Prix Romania 1st Stage 2024"]
[Site "Bucuresti"]
[Date "2024.03.23"]
[Round "3.39"]
[White "Secheres, Adrian-Simion"]
[Black "Tanasie, Cosmin"]
[Result "1-0"]
[ECO "A44"]
[WhiteElo "2371"]
[BlackElo "2009"]
[Annotator "RC"]
[PlyCount "58"]
[EventDate "2024.03.20"]
[EventType "swiss"]
[EventCountry "ROU"]
[SourceTitle "playchess.com"]
[Source "ChessBase"]
[SourceQuality "1"]
[TimeControl "900+5"]

1. d4 c5 2. d5 e5 3. e4 d6 4. Bb5+ Nd7 5. a4 Be7 6. Nf3 Ngf6 7. Nc3 O-O 8. O-O Ne8 9. Bd3 g6 10. Ra3 Ng7 11. Nd2 Bg5 12. g3 f5 13. f4 exf4 14. Nf3 Ne5 15. Nxg5 Qxg5 16. Bxf4 Qe7 17. Bh6 Ng4 18. Bd2 Qe5 19. Nb5 Nh5 20. Be2 a6 21. Bxg4 fxg4 22. Rxf8+ Kxf8 23. Qf1+ Kg8 24. Nc7 Rb8 25. Rb3 Bd7 26. Qc4 b5 27. Qe2 Nf6 28. Bf4 Qd4+ 29. Kg2 Nxe4 1-0